 Dungeon Crawl Stone Soup version 0.30.1-9-gdf580d7c3d (webtiles) character file.

Game seed: 10489175430846305290

3765 melkoren the Cleaver (level 9, -5/71 HPs)
             Began as a Demonspawn Gladiator on Aug 8, 2023.
             Was a Believer of Kikubaaqudgha.
             Slain by a yak (9 damage)
             ... on level 8 of the Dungeon on Sept 30, 2023.
             The game lasted 00:25:54 (12630 turns).

melkoren the Cleaver (Demonspawn Gladiator)        Turns: 12630, Time: 00:25:54

Health: -5/71      AC: 13    Str: 17    XL:     9   Next: 94%
Magic:  9/9        EV: 10    Int: 15    God:    Kikubaaqudgha [**....]
Gold:   371        SH: 15    Dex: 17    Spells: 8/8 levels left

rFire   . . .        n - +4 war axe
rCold   . . .        (no shield)
rNeg    . . .        k - +0 chain mail
rPois   .            (helmet restricted)
rElec   .            o - scarf {harm}
rCorr   .            s - +2 pair of gloves
SInv    .            (no boots)
Will    .....        h - amulet of reflection Stlth
                     d - +6 ring of intelligence
HPRegen 0.31/turn    (no ring)
MPRegen 0.11/turn

%: harm (+30% outgoing, +20% incoming), reflection
@: no status effects
A: antennae 2, large bone plates 2, powered by pain 1, condensation shield,
teleportitis 1
a: Renounce Religion, Unearth Wretches


You were on level 8 of the Dungeon.
You worshipped Kikubaaqudgha.
Kikubaaqudgha was pleased with you.
You visited 1 branch of the dungeon, and saw 8 of its levels.

You collected 371 gold pieces.

Inventory:

Hand Weapons
 a - a +2 war axe
 n - a +4 war axe (weapon)
 q - a +1 short sword of electrocution
Missiles
 e - 5 javelins
 t - 7 curare-tipped darts (quivered)
Armour
 c - a +0 helmet
 k - a +0 chain mail (worn)
 l - a +0 scale mail
 o - a scarf of harm (worn)
 s - a +2 pair of gloves (worn)
Jewellery
 d - a +6 ring of intelligence (left hand)
 h - an amulet of reflection (around neck)
 w - a ring of magical power
Wands
 f - a wand of light (6)
 j - a wand of flame (44)
 v - a wand of paralysis (4)
Scrolls
 g - 2 scrolls of identify
 u - a scroll of teleportation
 x - a scroll of amnesia {unknown}
Potions
 b - 4 potions of curing
 i - 6 potions of brilliance
 m - a potion of lignification
 p - 2 potions of flight


   Skills:
 + Level 6.7 Fighting
 * Level 8.7 Axes
 - Level 2.1 Throwing
 + Level 5.5 Armour
 + Level 6.4 Dodging


You had 8 spell levels left.
You didn't know any spells.
Your spell library contained the following spells:

 Spells                   Type           Power      Damage    Failure   Level
 Necrotise                Necr           0%         1d4       94%         1
 Summon Small Mammal      Summ           0%         N/A       94%         1
 Cigotuvi's Dreadful Rot  Necr/Pois/Air  0%         N/A       98%         2
 Call Canine Familiar     Summ           0%         N/A       100%        3
 Ignite Poison            Fire/Tmut/Pois 0%         N/A       100%        3
 Summon Guardian Golem    Hex/Summ       0%         N/A       100%        3
 Vampiric Draining        Necr           0%         2d6       100%        3
 Animate Dead             Necr           0%         N/A       100%        4
 Cause Fear               Hex            0%         N/A       100%        4
 Sticky Flame             Conj/Fire      0%         2d3       100%        4
 Dragon Form              Tmut           0%         N/A       100%        7
 Ignition                 Fire           0%         3d3       100%        8
 Dragon's Call            Summ           0%         N/A       100%        9


Dungeon Overview and Level Annotations

Branches:
Dungeon (8/15)             Temple (0/1) D:5
   Lair: D:8-11

Altars:
Ashenzari
Cheibriados
Dithmenos
Hepliaklqana
Kikubaaqudgha
Sif Muna
Trog
Xom

Shops:
D:3 !   D:6 ::


Innate Abilities, Weirdness & Mutations

You have a pair of antennae on your head.
You are mostly covered in large bone plates. (SH +6)
You sometimes gain a little power by taking damage.
A meltable shield of frost defends you. (SH +4)
You are occasionally teleported next to monsters.


Message History

You block the yak's attack.
You hit the yak.
The yak is moderately wounded.
You block the yak's attack.
You slash the yak!
The yak is heavily wounded.
You block the yak's attack. The yak gores you.
* * * LOW HITPOINT WARNING * * *
You barely miss the yak.
The yak is heavily wounded.
You block the yak's attack.
You barely miss the yak.
The yak is heavily wounded.
The yak gores you.
* * * LOW HITPOINT WARNING * * *
You hit the yak.
The yak is severely wounded.
The yak misses you.
The orc suddenly grunts.
You slash the yak!
The yak is almost dead.
The yak closely misses you.
You barely miss the yak.
The yak is almost dead.
The yak gores you.
* * * LOW HITPOINT WARNING * * *
You slash the yak!
You kill the yak!
Kikubaaqudgha accepts your kill.
You slash the yak!
The yak is moderately wounded.
You block the yak's attack.
You hit the yak but do no damage.
The yak is moderately wounded.
You block the yak's attack.
You slash the yak!
The yak is heavily wounded.
The yak gores you!
You die...
Kikubaaqudgha rasps: "You have failed me!
Welcome... death!"

########### #.# # #.........#
#.# # #.........# #.# #
#.........# #######.# #
#.........# #.......########
#......$..# #.......'.......
#.........# #.......########
#........{#########..........
+........oYY@))...>.........#
#........o########..#######.#
#...)###### #..# #.# #....
#..# #.# #...{ #..# #.# ##.{{
#..# #.# .Y~. #..# #.# ..~YY
#..# #.# ..~YYo #..# #.#


You could see 2 yaks and 2 orcs.

Vanquished Creatures
  Joseph (D:7)
  Prince Ribbit (D:7)
  Grinder (D:3)
  A dream sheep (D:6)
  Eustachio (D:5)
  4 yaks (D:8)
  Menkaure (D:4)
  A water moccasin (D:8)
  An orc warrior (D:8)
  Duvessa (D:7)
  2 ogres
  A centaur (D:6)
  Blork the orc (D:5)
  A bullfrog (D:7)
  2 kobold brigands
  4 wights (D:7)
  Dowan (D:7)
  6 killer bees (D:8)
  A howler monkey (D:4)
  2 jellies
  Crazy Yiuf (D:7)
  A hound (D:7)
  3 orc priests
  A gnoll bouda (D:6)
  Jessica (D:3)
  An iguana (D:5)
  3 sleepcaps
  Natasha (thrice) (D:3)
  2 orc wizards (D:5)
  7 gnolls (D:6)
  3 adders
  2 shadow imps
  3 white imps
  A worm (D:6)
  A dart slug (D:5)
  29 orcs
  16 ball pythons
  7 bats
  7 endoplasms
  5 giant cockroaches
  7 goblins
  7 hobgoblins
  2 jackals (D:1)
  19 kobolds
  4 quokkas (D:1)
  4 frilled lizards
  3 rats
177 creatures vanquished.

Vanquished Creatures (others)
  4 dream sheep (D:6)
  An adder (D:4)
  An endoplasm (D:4)
6 creatures vanquished.

Grand Total: 183 creatures vanquished

Notes
Turn   | Place    | Note
-------+----------+-------------------------------------------
     0 | D:1      | melkoren the Demonspawn Gladiator began the quest for the
                  | Orb.
     0 | D:1      | Reached XP level 1. HP: 16/16 MP: 1/1
    37 | D:1      | Gained mutation: You are partially covered in large bone
                  | plates. (SH +4) [demonic ancestry]
    37 | D:1      | Reached XP level 2. HP: 20/22 MP: 2/2
   161 | D:1      | Reached skill level 3 in Axes
   577 | D:1      | Reached XP level 3. HP: 28/28 MP: 3/3
  1941 | D:3      | Noticed Natasha
  1949 | D:3      | Killed Natasha
  1950 | D:3      | Reached skill level 1 in Armour
  1950 | D:3      | Gained mutation: You are mostly covered in large bone
                  | plates. (SH +6) [demonic ancestry]
  1950 | D:3      | Reached XP level 4. HP: 31/34 MP: 4/4
  1972 | D:3      | Noticed Natasha
  1993 | D:3      | Killed Natasha
  2075 | D:3      | Noticed Natasha
  2079 | D:3      | Killed Natasha
  2116 | D:3      | Gained mutation: You sometimes gain a little power by
                  | taking damage. [demonic ancestry]
  2116 | D:3      | Reached XP level 5. HP: 40/40 MP: 5/5
  2302 | D:3      | Found a faded altar of an unknown god.
  2317 | D:3      | Prayed at the altar of an unknown god.
  2317 | D:3      | Became a worshipper of Kikubaaqudgha
  2317 | D:3      | Reached * piety under Kikubaaqudgha
  2317 | D:3      | Received a gift from Kikubaaqudgha
  2318 | D:3      | Upgraded the game from 0.30.1-3-gfc49f6343a to
                  | 0.30.1-9-gdf580d7c3d
  2371 | D:3      | Noticed Grinder
  2396 | D:3      | Killed Grinder
  2397 | D:3      | Reached skill level 4 in Axes
  2397 | D:3      | Gained mutation: You have a pair of small antennae on your
                  | head. [demonic ancestry]
  2397 | D:3      | Reached XP level 6. HP: 28/47 MP: 6/6
  2894 | D:3      | Found Xusa's Distillery.
  3095 | D:3      | Noticed Jessica
  3226 | D:3      | Found a shimmering blue altar of Sif Muna.
  3232 | D:3      | Killed Jessica
  4425 | D:4      | Noticed Menkaure
  4433 | D:4      | Killed Menkaure
  4434 | D:4      | Reached skill level 5 in Axes
  4434 | D:4      | Gained mutation: You have a pair of antennae on your head.
                  | [demonic ancestry]
  4434 | D:4      | Reached XP level 7. HP: 26/53 MP: 7/7
  5076 | D:5      | Entered Level 5 of the Dungeon
  5249 | D:5      | Noticed Eustachio
  5263 | D:5      | Killed Eustachio
  5305 | D:5      | Found a staircase to the Ecumenical Temple.
  5785 | D:5      | Found a snail-covered altar of Cheibriados.
  5931 | D:5      | Noticed Blork the orc
  5939 | D:5      | Killed Blork the orc
  6654 | D:6      | Reached ** piety under Kikubaaqudgha
  6868 | D:6      | Reached XP level 8. HP: 53/61 MP: 8/8
  7318 | D:6      | Found Paepru's Tremendous Tomes.
  7331 | D:6      | Reached skill level 6 in Axes
  7663 | D:6      | Noticed a dream sheep
  7663 | D:6      | Noticed a dream sheep
  7663 | D:6      | Noticed a dream sheep
  7663 | D:6      | Noticed a dream sheep
  7663 | D:6      | Noticed a dream sheep
  7663 | D:6      | Found a shimmering altar of Xom.
  7666 | D:6      | Killed a dream sheep
  7666 | D:6      | Killed a dream sheep
  7666 | D:6      | Killed a dream sheep
  7666 | D:6      | Killed a dream sheep
  7668 | D:6      | Killed a dream sheep
  8156 | D:6      | Found Geqosk's Vocational Training.
  8396 | D:6      | Found a hazy altar of Hepliaklqana.
  8428 | D:7      | Noticed Joseph
  8435 | D:7      | Reached skill level 5 in Fighting
  8435 | D:7      | Reached skill level 5 in Dodging
  8958 | D:7      | Found a broken altar of Ashenzari.
  8958 | D:7      | Found a bloodstained altar of Trog.
  9209 | D:7      | Found a shadowy altar of Dithmenos.
  9236 | D:7      | Killed Joseph
  9237 | D:7      | Reached skill level 7 in Axes
  9712 | D:7      | Gained mutation: A meltable shield of frost defends you.
                  | (SH +4) [demonic ancestry]
  9712 | D:7      | Reached XP level 9. HP: 65/68 MP: 9/9
 10206 | D:7      | Noticed Duvessa
 10206 | D:7      | Noticed Dowan
 10224 | D:7      | HP: 3/69 [Duvessa/+1 short sword of electrocution (21)]
 10624 | D:7      | Noticed Prince Ribbit
 10648 | D:7      | Killed Prince Ribbit
 11013 | D:7      | Found a runed translucent door.
 11014 | D:7      | Noticed Crazy Yiuf
 11029 | D:7      | Killed Crazy Yiuf
 11156 | D:7      | Killed Dowan
 12075 | D:7      | Killed Duvessa
 12130 | D:8      | Reached skill level 8 in Axes
 12138 | D:8      | Reached skill level 5 in Armour
 12606 | D:8      | Gained mutation: You are occasionally teleported next to
                  | monsters. [potion of mutation]
 12606 | D:8      | Gained mutation: Your magical capacity is low. (-10% MP)
                  | [potion of mutation]
 12606 | D:8      | Lost mutation: Your magical capacity is low. (-10% MP)
                  | [potion of mutation]
 12626 | D:8      | HP: 2/71 [yak (3)]
 12630 | D:8      | Slain by a yak

Illustrated notes

Levels and vault maps discovered:
D:1:      dpeg_arrival_connections, layout_basic
D:2:      layout_loops_cross, nicolae_titane
D:3:      layout_loops_ring, tgw_sif, serial_shops,
          nicolae_shop_pleasant_corner_grove, nicolae_ecumenical_snake_handling,
          uniq_grinder, uniq_natasha
D:4:      layout_basic, serial_glass, glass_columns_b, glass_columns_b,
          uniq_menkaure
D:5:      layout_basic, amethyst_overflow_temple_binary,
          minmay_temple_entry_water_ring, uniq_blork_the_orc, uniq_eustachio
D:6:      layout_basic, kb_xom_exploding_sheep,
          worldfamousw_hep_ancestral_shrine, nicolae_shop_i_like_big_books,
          nicolae_shop_vocational
D:7:      layout_loops_ring, nicolae_overflow_crystal_walls,
          mainiacjoe_overflow_divided_tiny, amethyst_killhole,
          uniq_prince_ribbit1, uniq_crazy_yiuf_cottage, uniq_duvessa,
          uniq_joseph
D:8:      layout_basic, grunt_lair_entry_orc_guard_hut, serial_shops, shop,
          amcnicky_mini_pool_medium, uniq_pikel

Skill      XL: |  1  2  3  4  5  6  7  8  9 |
---------------+----------------------------+-----
Throwing       | 2 |  2.1
Axes           | 3 4 5 7 8 |  8.7
Dodging        | 3 4 5 6 |  6.4
Armour         | 1 2 3 4 5 |  5.5
Fighting       | 3 4 5 6 |  6.7

Action                     |  1- 3 |  4- 6 |  7- 9 || total
---------------------------+-------+-------+-------++-------
  Melee: War axe           |   119 |    91 |   379 ||   589
         Punch             |       |       |     3 ||     3
 Invoke: Unearth Wretches  |       |     1 |     1 ||     2
    Use: Scroll            |     4 |     4 |    10 ||    18
         Potion            |     3 |     2 |     5 ||    10
   Stab: Paralysed         |       |       |     1 ||     1
 Armour: Leather armour    |    29 |       |       ||    29
         Ring mail         |    14 |     6 |       ||    20
         Scale mail        |       |    21 |       ||    21
         Chain mail        |       |       |    90 ||    90
  Dodge: Dodged            |    90 |    46 |   101 ||   237
  Block: Other             |    20 |    55 |   238 ||   313
         Reflection        |       |     2 |     8 ||    10
